 Dungeon Crawl Stone Soup version 0.27.1-1-g398f81649c (webtiles) character file.

Game seed: 11185624865012229270

359 MisterFreud the Shield-Bearer (level 6, 0/53 HPs)
             Began as a Gnoll Fighter on Sept 10, 2021.
             Was a Believer of Ru.
             Slain by a bat (1 damage)
             ... in a sewer.
             The game lasted 00:04:27 (2822 turns).

MisterFreud the Shield-Bearer (Gnoll Fighter)       Turns: 2822, Time: 00:04:27

Health: 0/53       AC:  7    Str: 15    XL:     6   Next: 65%
Magic:  9/9        EV:  8    Int:  9    God:    Ru [**....]
Gold:   120        SH: 10    Dex: 12    Spells: 9/9 levels left

rFire    . . .     SeeInvis +   a - +0 rapier
rCold    . . .     Faith    .   c - +0 kite shield
rNeg     . . .     Spirit   .   b - +0 scale mail
rPois    .         Reflect  .   (no helmet)
rElec    .         Harm     .   (no cloak)
rCorr    .         Rampage  .   (no gloves)
Will     .....                  (no boots)
Stlth    +.........             (no amulet)
HPRegen  0.17/turn              j - ring of see invisible
MPRegen  0.11/turn              (no ring)

@: lethally poisoned (0 -> -10), slowed, very slow
A: fangs 1, hated by all, strong nose, distributed training
a: Renounce Religion


You were in a sewer.
You worshipped Ru.
Ru was pleased with you.
You visited 1 branch of the dungeon, and saw 3 of its levels.
You also visited: Sewer.

You collected 120 gold pieces.

Inventory:

Hand Weapons
 a - a +0 rapier (weapon)
Missiles
 f - 30 poisoned darts (quivered)
 o - 8 javelins
Armour
 b - a +0 scale mail (worn)
 c - a +0 kite shield (worn)
Jewellery
 j - a ring of see invisible (left hand)
Scrolls
 d - a scroll of fear {unknown}
 e - a scroll of torment {unknown}
 g - a scroll of summoning {unknown}
 h - 2 scrolls of noise {unknown}
 k - a scroll of brand weapon {unknown}
 l - 2 scrolls of immolation {unknown}
 m - a scroll of identify
 p - 2 scrolls of magic mapping {unknown}
Potions
 i - a potion of flight
 n - a potion of magic {unknown}
 r - 2 potions of haste


   Skills:
 + Level 6.8 Fighting
 + Level 5.0 Short Blades
 + Level 2.0 Long Blades
 + Level 2.0 Axes
 + Level 2.0 Maces & Flails
 + Level 2.0 Polearms
 + Level 2.0 Staves
 + Level 2.0 Slings
 + Level 2.0 Bows
 + Level 2.0 Crossbows
 + Level 2.0 Throwing
 + Level 6.8 Armour
 + Level 2.0 Dodging
 + Level 2.0 Stealth
 + Level 6.8 Shields
 + Level 2.0 Unarmed Combat
 + Level 2.0 Spellcasting
 + Level 1.6 Conjurations
 + Level 1.6 Hexes
   Level 1.4 Summonings
 + Level 1.6 Necromancy
 + Level 1.6 Translocations
 + Level 1.6 Transmutations
 + Level 1.6 Fire Magic
 + Level 1.6 Ice Magic
 + Level 1.6 Air Magic
 + Level 1.6 Earth Magic
 + Level 1.6 Poison Magic
 + Level 2.2 Invocations
 + Level 2.0 Evocations


You had 9 spell levels left.
You didn't know any spells.
Your spell library was empty.

Dungeon Overview and Level Annotations

Branches:
Dungeon (3/15)              Sewer (1/1)

Altars:
Ru
Trog


Innate Abilities, Weirdness & Mutations

You have very sharp teeth.
You are hated by all.
Your uncanny sense of smell can sniff out nearby items.
Your experience applies equally to all skills.


Message History

Unknown command.
Okay, then.
Unknown command.
Okay, then.
Unknown command.
Unknown command.
The bat closely misses you. The bat hits you but does no damage.
Okay, then.
Unknown command.
An endoplasm comes into view.
The endoplasm quivers.
You block the bat's attack.
You hit the kobold brigand.
The kobold brigand is severely wounded.
You block the bat's attack.
The kobold brigand hits you with a +0 dagger.
You focus your inner power and illuminate the kobold brigand in retribution!
You puncture the kobold brigand!
The kobold brigand is almost dead.
The bat misses you. The giant cockroach barely misses you.
You barely miss the kobold brigand. Your bite misses the kobold brigand.
The kobold brigand is almost dead.
You block the bat's attack. You block the giant cockroach's attack.
The kobold brigand hits you with a +0 dagger.
* * * LOW HITPOINT WARNING * * *
Unknown command.
The bat hits you but does no damage. x2
The kobold brigand throws a curare-tipped dart.
The curare-tipped dart hits you.
You are lethally poisoned!
You have difficulty breathing.
* * * LOW HITPOINT WARNING * * *
You feel yourself slow down. The giant cockroach bites you.
* * * LOW HITPOINT WARNING * * *
Unknown command.
* * * LOW HITPOINT WARNING * * *
You feel very sick. The bat hits you.
You die...

#....#≈≈≈# ∆ ∆
##''##≈≈≈##++###
#....#≈≈≈#.....###
###...P#≈≈≈#.......#
#.)..≈≈≈≈≈≈#.......#
##)..≈≈≈≈≈≈#.......#
##...≈P#≈≈≈#≈......#
#....≈≈#≈≈≈#≈≈.P...#
#......#≈≈≈#≈≈P@J..##
#......#≈≈≈≈≈≈.b....#
#......#≈≈≈≈≈≈...BK.#
#......#≈≈≈≈P...KK.##
##.....#≈≈≈#≈.....##
#.....#≈≈ #≈≈....##
#.....#≈ #≈≈.....##
##.....# #.P.P..).#
##.....P# #.......)#


You could see 2 kobold brigands, an endoplasm, a giant cockroach, a bat and a
kobold.

Vanquished Creatures
  3 kobold brigands (Sewer)
  Terence (D:2)
  A gnoll (D:3)
  3 adders
  4 worms
  2 dart slugs (D:1)
  An orc (D:3)
  3 endoplasms
  6 giant cockroaches
  3 goblins
  3 hobgoblins (D:1)
  11 kobolds
  2 quokkas
  10 ball pythons
  9 bats
  6 frilled lizards
  7 rats
75 creatures vanquished.

Vanquished Creatures (others)
  3 fungi (Sewer)
  6 plants (Sewer)
9 creatures vanquished.

Grand Total: 84 creatures vanquished

Notes
Turn   | Place    | Note
-------+----------+-------------------------------------------
     0 | D:1      | MisterFreud the Gnoll Fighter began the quest for the Orb.
     0 | D:1      | Reached XP level 1. HP: 23/23 MP: 1/1
   122 | D:1      | Reached XP level 2. HP: 27/29 MP: 2/2
   794 | D:1      | Reached XP level 3. HP: 35/35 MP: 3/3
   902 | D:1      | Found a faded altar of an unknown god.
   913 | D:1      | Became a worshipper of Ru the Awakened
   928 | D:1      | Gained mutation: You are hated by all. [Ru sacrifice]
   928 | D:1      | Reached * piety under Ru
   928 | D:1      | Reached ** piety under Ru
   983 | D:2      | Reached skill level 1 in Invocations
  1157 | D:2      | Reached skill level 1 in Long Blades
  1157 | D:2      | Reached skill level 1 in Axes
  1157 | D:2      | Reached skill level 1 in Maces & Flails
  1157 | D:2      | Reached skill level 1 in Polearms
  1157 | D:2      | Reached skill level 1 in Staves
  1157 | D:2      | Reached skill level 1 in Slings
  1157 | D:2      | Reached skill level 1 in Bows
  1157 | D:2      | Reached skill level 1 in Crossbows
  1157 | D:2      | Reached skill level 1 in Throwing
  1157 | D:2      | Reached skill level 1 in Dodging
  1157 | D:2      | Reached skill level 1 in Stealth
  1157 | D:2      | Reached skill level 1 in Unarmed Combat
  1157 | D:2      | Reached skill level 1 in Spellcasting
  1157 | D:2      | Reached skill level 1 in Evocations
  1228 | D:2      | Reached XP level 4. HP: 41/41 MP: 5/5
  1343 | D:2      | Noticed Terence
  1361 | D:2      | Killed Terence
  1362 | D:2      | Reached skill level 1 in Conjurations
  1362 | D:2      | Reached skill level 1 in Hexes
  1362 | D:2      | Reached skill level 1 in Necromancy
  1362 | D:2      | Reached skill level 1 in Translocations
  1362 | D:2      | Reached skill level 1 in Transmutations
  1362 | D:2      | Reached skill level 1 in Fire Magic
  1362 | D:2      | Reached skill level 1 in Ice Magic
  1362 | D:2      | Reached skill level 1 in Air Magic
  1362 | D:2      | Reached skill level 1 in Earth Magic
  1362 | D:2      | Reached skill level 1 in Poison Magic
  1566 | D:2      | Found a bloodstained altar of Trog.
  1878 | D:3      | Reached XP level 5. HP: 39/47 MP: 6/6
  2080 | D:3      | Found a glowing drain.
  2103 | Sewer    | Entered a sewer
  2154 | Sewer    | Noticed a kobold brigand
  2154 | Sewer    | Noticed a kobold brigand
  2165 | Sewer    | Killed a kobold brigand
  2166 | Sewer    | Reached skill level 1 in Summonings
  2185 | Sewer    | Killed a kobold brigand
  2186 | Sewer    | Reached XP level 6. HP: 15/53 MP: 8/8
  2476 | Sewer    | Reached skill level 5 in Short Blades
  2822 | Sewer    | HP: 1/53 [poisoned by a kobold brigand (curare-tipped
                  | dart)]
  2822 | Sewer    | Slain by a bat

Illustrated notes

Levels and vault maps discovered:
D:1:      denvon_arrival_planthouse, layout_loops_ring,
          hellmonk_ecumenical_altar_zigzags
D:2:      layout_basic, basic_altar, uniq_terence
D:3:      layout_basic, nicolae_yredelemnul_corpse_copse, portal_sewer_entry_c,
          minmay_bisected
Sewer:    kennysheep_pipe_town

Skill      XL: |  1  2  3  4  5  6 |
---------------+-------------------+-----
Invocations    | 1 2 |  2.2
Long Blades    | 1 2 |  2.0
Axes           | 1 2 |  2.0
Maces & Flails | 1 2 |  2.0
Polearms       | 1 2 |  2.0
Staves         | 1 2 |  2.0
Slings         | 1 2 |  2.0
Bows           | 1 2 |  2.0
Crossbows      | 1 2 |  2.0
Throwing       | 1 2 |  2.0
Dodging        | 1 2 |  2.0
Stealth        | 1 2 |  2.0
Unarmed Combat | 1 2 |  2.0
Spellcasting   | 1 2 |  2.0
Evocations     | 1 2 |  2.0
Conjurations   | 1 |  1.6
Hexes          | 1 |  1.6
Necromancy     | 1 |  1.6
Translocations | 1 |  1.6
Transmutations | 1 |  1.6
Fire Magic     | 1 |  1.6
Ice Magic      | 1 |  1.6
Air Magic      | 1 |  1.6
Earth Magic    | 1 |  1.6
Poison Magic   | 1 |  1.6
Summonings     | 1 |  1.4
Short Blades   | 5 |  5.0
Fighting       | |  6.8
Armour         | |  6.8
Shields        | |  6.8

Action                   |  1- 3 |  4- 6 || total
-------------------------+-------+-------++-------
Melee: Rapier            |   109 |   151 ||   260
       Bite              |     6 |     7 ||    13
Invok: Sacrifice Love    |     1 |       ||     1
  Use: Potion            |       |     4 ||     4
       Scroll            |       |     3 ||     3
 Stab: Distracted        |     1 |     1 ||     2
Armor: Scale mail        |    43 |    82 ||   125
Dodge: Dodged            |    36 |    73 ||   109
Block: Kite shield       |    51 |   132 ||   183
